 Dungeon Crawl Stone Soup version 0.26-a0-651-gb41185065b (webtiles) character file.

Game seed: 5296570269263154817

166 Irenicus the Chopper (level 5, -21/46 HPs)
             Began as a Deep Dwarf Berserker on Oct 1, 2020.
             Was a Believer of Trog.
             Engulfed by a cloud of blessed fire (23 damage)
             ... on level 3 of the Dungeon.
             The game lasted 00:07:02 (1153 turns).

Irenicus the Chopper (Deep Dwarf Berserker)         Turns: 1153, Time: 00:07:03

Health: -21/46     AC:  6    Str: 21    XL:     5   Next: 22%
Magic:  5/5        EV: 11    Int:  7    God:    Trog [**....]
Gold:   101        SH:  0    Dex: 13    Spells: 4/4 levels left

rFire    . . .     SeeInvis .   a - +0 hand axe
rCold    . . .     Faith    .   (no shield)
rNeg     . . .     Spirit   .   g - +1 ring mail
rPois    .         Reflect  .   (no helmet)
rElec    .         Harm     +   j - scarf {harm}
rCorr    .         Rampage  .   (no gloves)
MR       .....                  (no boots)
Stlth    +.........             (no amulet)
HPRegen  0.00/turn              (no ring)
MPRegen  0.09/turn              (no ring)

@: non-regenerating, glowing
A: damage resistance, heal wounds, sense surroundings 1, no regeneration
a: Heal Wounds, Berserk, Trog's Hand, Renounce Religion


You were on level 3 of the Dungeon.
You worshipped Trog.
Trog was pleased with you.
You visited 1 branch of the dungeon, and saw 3 of its levels.

You collected 101 gold pieces.

Inventory:

Hand Weapons
 a - a +0 hand axe (weapon)
Armour
 g - a +1 ring mail (worn)
   (You found it on level 2 of the Dungeon)
 j - a scarf of harm (worn)
   (You found it on level 3 of the Dungeon)
Scrolls
 b - 3 scrolls of remove curse {unknown}
 c - a scroll of fog {unknown}
 d - a scroll of noise {unknown}
 h - a scroll of identify {unknown}
 i - 2 scrolls of magic mapping {unknown}
Potions
 e - a potion of flight


   Skills:
 - Level 2.6 Fighting
 + Level 6.6 Axes
 - Level 2.1 Armour
 - Level 2.1 Dodging


You had 4 spell levels left.
You didn't know any spells.
Your spell library was empty.

Dungeon Overview and Level Annotations

Branches:
Dungeon (3/15)

Altars:
Yredelemnul
The Shining One


Innate Abilities, Weirdness & Mutations

You are resistant to damage.
You can heal yourself by infusing magical energy.
You passively map a small area around you.
You do not regenerate.


Message History

You slash the ooze!
You kill the ooze!
Trog accepts your kill.
A red film seems to cover your vision as you go berserk!
You feel yourself moving faster!
You feel mighty! The orc hits you but does no damage.
You now have 35/60 hp.
You closely miss the orc. You slice the orc!!
You kill the orc!
Trog accepts your kill.
You feel the effects of Trog's Hand fading.
The orc priest hits you.
You take 2 damage, and have 35/60 hp.
You slash the orc priest!
The orc priest is severely wounded.
You closely miss the orc priest.
The orc priest is severely wounded.
The orc priest completely misses you.
You hit the orc priest.
The orc priest is severely wounded.
The orc priest hits you.
You take 1 damage, and have 36/60 hp.
You barely miss the orc priest.
The orc priest is severely wounded.
You barely miss the orc priest.
The orc priest is severely wounded.
The orc priest barely misses you.
You slash the orc priest!
You feel the power of Trog in you as your rage grows.
You kill the orc priest!
Trog accepts your kill.
You have reached level 5!
You regained 6 hp, and now have 44/69 hp.
MP restored: 5 Your skin stops crawling.
You feel less resistant to hostile enchantments.
Things that are here:
a +0 whip; an orc corpse You feel a strong urge to attack something.
You feel your anger nearly subside.
You are no longer berserk.
You are exhausted.
You feel yourself slow down.
You now have 29/46 hp.
You start putting on your armour.
You continue putting on your embroidered scarf. x4
You finish putting on your scarf of harm.
Drop what? 10/52 slots (_ for help) (? for menu, Esc to quit)
You drop a +3 scale mail.
You feel yourself speed up.
You open the door.
Found a basalt altar of Yredelemnul.
There is an open door here.
You open the door.
An adder comes into view.
The adder hisses angrily.
Found a scroll labeled ZIQIRHUJ ZISH.
Found a glowing golden altar of the Shining One.
There is an open door here.
You closely miss the adder. The adder barely misses you.
The adder closely misses you.
You miss the adder. The adder bites you but does no damage.
You hit the adder.
The adder is moderately wounded.
The adder bites you.
You miss the adder.
The adder is moderately wounded.
The adder bites you but does no damage.
You hit the adder.
The adder is severely wounded.
The adder misses you.
You hit the adder.
The adder is severely wounded.
The adder bites you. The adder bites you but does no damage.
You take 1 damage, and have 28/46 hp.
You miss the adder.
The adder is severely wounded.
You recover from your berserk rage.
The adder barely misses you.
You hit the adder.
You kill the adder!
Trog accepts your kill.
The angel shouts!
You see here an adder corpse.
Press: ? - help, v - describe, . - travel The floor.
There is a cloud of blessed fire here.
There is an open door here.
You see here an adder corpse.
There is a glowing golden altar of the Shining One here.
Really walk into a travel-excluded area?
You are engulfed in blessed fire.
Ouch! That really hurt!
* * * LOW HITPOINT WARNING * * *
You see here a scroll labeled ZIQIRHUJ ZISH.
You take 26 damage, and have 2/46 hp.
MASSIVE DAMAGE!!
b - 3 scrolls labeled ZIQIRHUJ ZISH (gained 1)
You are engulfed in blessed fire.
Ouch! That really hurt!
You die...

##########
.........#
########.##
#######...##########
○...§.#...#.§.§.@###
._....'...'†..._.#A#
☼.☼.§.#...#.§.§.§###
#######...##########
*##.## ... * ,
....., * , .......
.........


You could see an angel.

Vanquished Creatures
  An orc priest (D:3)
  A worker ant (D:2)
  3 adders
  A shadow imp (D:2)
  2 oozes
  2 worms (D:2)
  A dart slug (D:1)
  A leopard gecko (D:3)
  6 orcs (D:3)
  2 ball pythons
  4 giant cockroaches
  6 goblins
  4 hobgoblins
  2 quokkas
  8 bats
  5 frilled lizards
  6 kobolds (D:1)
  3 rats (D:1)
58 creatures vanquished.

Notes
Turn   | Place    | Note
-------+----------+-------------------------------------------
     0 | D:1      | Irenicus the Deep Dwarf Berserker began the quest for the
                  | Orb.
     0 | D:1      | Reached XP level 1. HP: 20/20 MP: 1/1
   172 | D:1      | Reached XP level 2. HP: 27/27 MP: 2/2
   173 | D:1      | Reached skill level 4 in Axes
   277 | D:1      | Reached ** piety under Trog
   337 | D:1      | You fall into a shaft and drop 1 floor!
   340 | D:2      | HP: 6/27 [hobgoblin/+0 club (2)]
   345 | D:2      | HP: 3/27 [hobgoblin/+0 club (2)]
   347 | D:2      | Reached XP level 3. HP: 4/33 MP: 3/3
   602 | D:2      | Reached skill level 5 in Axes
   686 | D:2      | HP: 10/49 [worm (3)]
   742 | D:2      | HP: 5/33 [worker ant (5)]
   745 | D:2      | HP: 2/33 [worker ant (3)]
   747 | D:2      | Reached XP level 4. HP: 3/40 MP: 4/4
   975 | D:3      | Reached skill level 6 in Axes
  1093 | D:3      | Reached XP level 5. HP: 43/46 MP: 5/5
  1125 | D:3      | Found a basalt altar of Yredelemnul.
  1130 | D:3      | Found a glowing golden altar of the Shining One.
  1140 | D:3      | Noticed an angel
  1152 | D:3      | HP: 2/46 [something (26)]
  1153 | D:3      | Engulfed by a cloud of blessed fire

Illustrated notes

Levels and vault maps discovered:
D:1:      dpeg_arrival_round_c, layout_basic
D:2:      layout_basic
D:3:      layout_rooms, grunt_temple_overflow_holy_war, minmay_curled_crystal,
          okawaru_altar_gauntlet_db

Skill      XL: |  1  2  3  4 |
---------------+-------------+-----
Axes           | 4 5 6 |  6.6
Fighting       | |  2.6
Armour         | |  2.1
Dodging        | |  2.1

Action                   |  1- 3 |  4- 6 || total
-------------------------+-------+-------++-------
Melee: Hand axe          |   138 |    56 ||   194
Invok: Berserk           |     3 |     3 ||     6
       Trog's Hand       |     3 |     2 ||     5
  Use: Potion            |     4 |     1 ||     5
       Scroll            |       |     1 ||     1
 Stab: Invisible         |     1 |       ||     1
Armor: Animal skin       |     7 |       ||     7
       Leather armour    |    11 |       ||    11
       Ring mail         |    19 |    22 ||    41
Dodge: Dodged            |    90 |    31 ||   121

Table legend: (Time is in decaauts)
 A = Elapsed time spent in this place.
 B = Non-inter-level travel time spent in this place.
 C = Inter-level travel time spent in this place.
 D = Time resting spent in this place.
 E = Time spent auto-exploring this place.
 F = Levels seen in this place.
 G = Mean time per level.
                   A        B        C        D        E       F      G
               +--------+--------+--------+--------+--------+-----+--------+
         Total |   1221 |   1201 |     20 |      0 |      0 |   3 |  407.0 |
       Dungeon |   1221 |   1201 |     20 |      0 |      0 |   3 |  407.0 |
               +--------+--------+--------+--------+--------+-----+--------+

Top non-repeatable levels by time:
     D:2: 665 daAuts
     D:1: 359 daAuts
     D:3: 196 daAuts

Table legend:
 A = Kills in this place as a percentage of kills in entire the game.
 B = Kills by you in this place as a percentage of kills by you in the entire game.
 C = Kills by friends in this place as a percentage of kills by friends in the entire game.
 D = Other kills in this place as a percentage of other kills in the entire game.
 E = Experience gained in this place as a percentage of experience gained in the entire game.
 F = Experience gained in this place divided by the number of levels of this place that you have seen.
                   A       B       C       D       E      F
               +-------+-------+-------+-------+-------+----------------------
         Total | 100.0 | 100.0 |   N/A |   N/A | 100.0 |  79.3
       Dungeon | 100.0 | 100.0 |   N/A |   N/A | 100.0 |  79.3
               +-------+-------+-------+-------+-------+----------------------
